 Dungeon Crawl Stone Soup version 0.24.0 (webtiles) character file.

Game seed: 17223040675953581273, levelgen mode: deterministic

38 Buxparty the Conjurer (level 3, -1/28 HPs)
             Began as a Demigod Conjurer on Mar 20, 2020.
             Slain by Robin
             ... wielding a +0 quarterstaff
              (6 damage)
             ... on level 2 of the Dungeon.
             The game lasted 00:04:20 (1395 turns).

Buxparty the Conjurer (Demigod Conjurer)            Turns: 1395, Time: 00:04:20

Health: -1/28      AC:  3    Str: 11    XL:     3   Next: 10%
Magic:  9/9        EV: 12    Int: 21    God:
Gold:   79         SH:  0    Dex: 16    Spells: 5/6 levels left

rFire    . . .     SeeInvis .   m - +0 dagger (vamp)
rCold    . . .     Gourm    .   (no shield)
rNeg     . . .     Faith    .   a - +0 robe
rPois    .         Spirit   .   (no helmet)
rElec    .         Reflect  .   (no cloak)
rCorr    .         Harm     .   i - +0 pair of gloves
MR       .....                  (no boots)
Stlth    ++........             (no amulet)
HPRegen  0.09/turn              (no ring)
MPRegen  0.11/turn              (no ring)

@: no status effects
A: high mp 1
a: no special abilities


You were on level 2 of the Dungeon.
You were not hungry.

You visited 1 branch of the dungeon, and saw 2 of its levels.

You collected 79 gold pieces.

Inventory:

Hand Weapons
 m - a +0 vampiric dagger (weapon)
Missiles
 g - 5 curare-tipped darts (quivered)
Armour
 a - a +0 robe (worn)
 i - a +0 pair of gloves (worn)
Scrolls
 b - 3 scrolls of identify {unknown}
 d - a scroll of fog {unknown}
 e - a scroll of immolation {unknown}
 h - a scroll of enchant armour {unknown}
 l - 2 scrolls of remove curse {unknown}
Potions
 f - 2 potions of mutation {unknown}
 j - a potion of flight {unknown}
 k - a potion of berserk rage {unknown}
Comestibles
 c - 2 rations


   Skills:
 + Level 1.0 Fighting
 + Level 1.0 Short Blades
 - Level 1.7 Dodging
 - Level 1.7 Stealth
 + Level 2.2 Spellcasting
 + Level 3.9 Conjurations


You had 5 spell levels left.
You knew the following spells:

 Your Spells              Type           Power        Failure   Level  Hunger
a - Magic Dart            Conj           ###.         2%          1    #......

Your spell library contained the following spells:

 Spells                   Type           Power        Failure   Level  Hunger
 Searing Ray              Conj           ###...       4%          2    ##.....
 Dazzling Spray           Conj/Hex       ##....       19%         3    ###....
 Iskenderun's Mystic Bla  Conj           ###.....     28%         4    #####..
 Force Lance              Conj/Tloc      ##......     54%         4    #####..
 Fulminant Prism          Conj/Hex       ##........   54%         4    #####..


Dungeon Overview and Level Annotations

Branches:
Dungeon (2/15)

Annotations:
D:2 Robin


Innate Abilities, Weirdness & Mutations

You have an increased reservoir of magic. (+10% MP)


Message History

You barely miss Robin.
Robin is heavily wounded.
You hit Robin but do no damage.
Robin is heavily wounded.
Robin closely misses you.
You hit Robin.
Robin is heavily wounded.
Robin completely misses you.
You closely miss Robin.
Robin is heavily wounded.
Robin points. "Kill!"
Robin hits you with a +0 quarterstaff.
* * * LOW HITPOINT WARNING * * *
You closely miss Robin.
Robin is heavily wounded.
Robin misses you.
You hit Robin but do no damage.
Robin is heavily wounded.
Robin hits you with a +0 quarterstaff.
You die...

#.## ##...## #..#### # #.##
##.....## #..... # #..##
##...)...## #.#.## #8.
##...####.........###..(.####.
#.......+.........'........#_.
##...####.........###)...###
##.## ##.......## #.#..## #.#
##...g.## #.#...## #.# ##..@##
#......## #.# ##+## #.......#
#.# #.# ##..)).## #.# #†#
##...## ###.### ##.## ##.##
#.....######...## #.#
#.###...........# #.# #.#
#..###.#...#########.#
#.###..###.#........>....#


You could see Robin.

Vanquished Creatures
  A worm (D:2)
  A leopard gecko (D:1)
  A ball python (D:1)
  3 giant cockroaches (D:1)
  13 goblins
  2 hobgoblins (D:2)
  A bat (D:1)
  3 frilled lizards
  2 kobolds (D:1)
  2 rats (D:1)
29 creatures vanquished.

Notes
Turn   | Place    | Note
-------+----------+-------------------------------------------
     0 | D:1      | Buxparty the Demigod Conjurer began the quest for the Orb.
     0 | D:1      | Reached XP level 1. HP: 14/14 MP: 5/5
   410 | D:1      | Reached XP level 2. HP: 22/22 MP: 5/7
  1026 | D:2      | Noticed Robin
  1165 | D:2      | Found an ornate altar of the Wu Jian Council.
  1223 | D:2      | Reached skill level 1 in Fighting
  1223 | D:2      | Reached skill level 1 in Short Blades
  1238 | D:2      | Reached XP level 3. HP: 28/28 MP: 5/9
  1395 | D:2      | Slain by Robin

Levels and vault maps discovered:
D:1:      minmay_arrival_loop, layout_basic
D:2:      layout_loops_corners, nicolae_overflow_hidden_temple,
          roderic_lattice_a, uniq_robin
